 Dungeon Crawl Stone Soup version 0.18.1-51-gd549091e01 (webtiles) character file.

583 alasdair19 the Shield-Bearer (level 7, -2/61 HPs)
             Began as a Minotaur Fighter on Dec 28, 2021.
             Was an Initiate of Okawaru.
             Slain by a centaur (6 damage)
             ... on level 5 of the Dungeon.
             The game lasted 00:24:54 (3596 turns).

alasdair19 the Shield-Bearer (Minotaur Fighter)     Turns: 3596, Time: 00:24:54

Health: -2/61      AC:  8    Str: 21    XL:     7   Next: 14%
Magic:  7/7        EV:  9    Int:  6    God:    Okawaru [......]
Gold:   147        SH: 11    Dex: 10    Spells: 0 memorised, 6 levels left

rFire  . . .     SeeInvis .     a - +0 long sword
rCold  + . .     Gourm    .     b - +0 scale mail
rNeg   + . .     Faith    .     c - +1 shield
rPois  .         Spirit   .     (helmet restricted)
rElec  .         Dismiss  .     (no cloak)
rCorr  .         Reflect  .     (no gloves)
SustAt .         Harm     .     e - +0 pair of boots
MR     .....                    (no amulet)
Stlth  ..........               B - ring of positive energy
                                C - ring of protection from cold

@: not resistant to hostile enchantments, extremely unstealthy
A: retaliatory headbutt, horns 2
a: Renounce Religion


You were on level 5 of the Dungeon.
You worshipped Okawaru.
Okawaru was noncommittal.
You were hungry.

You visited 2 branches of the dungeon, and saw 6 of its levels.

You collected 147 gold pieces.

Inventory:

Hand Weapons
 a - a +0 long sword (weapon)
 y - a +0 hunting sling
Missiles
 n - 4 tomahawks (quivered)
 t - 35 stones
 u - 59 bolts
 z - 42 sling bullets {c}
 A - 15 poisoned needles
Armour
 b - a +0 scale mail (worn)
 c - a +1 shield (worn)
 e - a +0 pair of boots (worn)
Jewellery
 k - an uncursed ring of see invisible
 w - an uncursed ring of resist corrosion {unknown}
 x - a +3 ring of intelligence
 B - a ring of positive energy (right hand)
 C - a ring of protection from cold (left hand)
Scrolls
 d - a scroll of blinking {unknown}
 g - 2 scrolls of fog {unknown}
 i - a scroll of magic mapping {unknown}
 l - a scroll of random uselessness {unknown}
 o - 2 scrolls of teleportation
 v - 4 scrolls of remove curse
 E - a scroll of recharging {unknown}
 F - a scroll of enchant armour
Potions
 h - 2 potions of haste
 m - a potion of brilliance
 p - a potion of heal wounds
 r - a potion of magic
 s - 2 potions of mutation
Comestibles
 f - 4 bread rations
 j - a meat ration
 q - a beef jerky
 D - 3 fruits


   Skills:
 + Level 5.2 Fighting
 + Level 4.5 Long Blades
 + Level 0.6 Throwing
 + Level 5.2 Armour
 - Level 3.1 Dodging
 - Level 0.5 Stealth
 + Level 5.4 Shields
 * Level 1.6 Invocations


You had 6 spell levels left.
You didn't know any spells.

Dungeon Overview and Level Annotations

Branches:
Dungeon (5/15)             Temple (1/1) D:5

Altars:
Cheibriados
Elyvilon
Fedhas
Gozag
Kikubaaqudgha
Makhleb
Nemelex Xobeh
Okawaru
Pakellas
Qazlal
Ru
Sif Muna
Vehumet


Innate Abilities, Weirdness & Mutations

You reflexively headbutt those who attack you in melee.
You have a pair of horns on your head.


Message History

The centaur is heavily wounded.
The centaur closely misses you. x2
Your shield and scale mail prevent you from hitting the centaur.
Your headbutt misses the centaur.
The centaur is moderately wounded.
You block the centaur's attack.
The centaur hits you but does no damage.
You hit the centaur but do no damage.
The centaur is moderately wounded.
You block the centaur's attack. The centaur hits you.
* * * LOW HITPOINT WARNING * * *
You hit the centaur. You headbutt the centaur.
The centaur is severely wounded.
You block the centaur's attack. The centaur hits you!
* * * LOW HITPOINT WARNING * * *
You hit the centaur.
The centaur is severely wounded.
The centaur hits you but does no damage.
The centaur hits you.
You die...

...... ...## ...... .....
........##### #...#
............# <.###
#(.........###.....
#...............###
#.............#...#
#......c@((.((#...#
#...........#.....####.
##...#.................
##..##.......####..####.
#####.)##...#....###..##
###.....)[..#.###......##
##...#########.# #..#.###
...### #.. #.....# ...#
##.##.###...#


You could see a centaur.

Vanquished Creatures
  An ogre (D:5)
  A howler monkey (D:4)
  3 crimson imps (D:5)
  A hound (D:4)
  4 orc wizards
  Jessica (D:3)
  2 iguanas
  Terence (D:3)
  2 howler monkey skeletons (D:4)
  A shadow imp (D:5)
  2 oozes
  An adder skeleton (D:4)
  3 worms
  4 dart slugs (D:1)
  2 giant geckos
  8 orcs
  5 giant cockroaches
  4 goblins
  8 hobgoblins
  5 jackals
  6 ball pythons
  8 bats
  2 giant newts
  4 kobolds
  7 rats
86 creatures vanquished.

Notes
Turn   | Place    | Note
--------------------------------------------------------------
     0 | D:1      | alasdair19 the Minotaur Fighter began the quest for the Orb.
     0 | D:1      | Reached XP level 1. HP: 19/19 MP: 0/0
   163 | D:1      | Reached XP level 2. HP: 25/27 MP: 1/1
   989 | D:2      | Reached XP level 3. HP: 24/33 MP: 2/2
  1046 | D:2      | Reached skill level 1 in Dodging
  1623 | D:3      | Noticed Terence
  1637 | D:3      | Killed Terence
  1637 | D:3      | Reached XP level 4. HP: 34/40 MP: 3/3
  2117 | D:3      | Noticed Jessica
  2123 | D:3      | Killed Jessica
  2271 | D:4      | Reached XP level 5. HP: 46/46 MP: 4/4
  2812 | D:4      | Found a sacrificial altar of Ru.
  2883 | D:4      | Reached XP level 6. HP: 53/53 MP: 5/5
  3152 | D:5      | Entered Level 5 of the Dungeon
  3152 | D:5      | Found a staircase to the Ecumenical Temple.
  3160 | Temple   | Entered the Ecumenical Temple
  3213 | Temple   | Became a worshipper of Warmaster Okawaru
  3259 | D:5      | Reached skill level 5 in Armour
  3273 | D:5      | Reached skill level 5 in Shields
  3276 | D:5      | Reached skill level 1 in Invocations
  3278 | D:5      | Reached skill level 5 in Fighting
  3528 | D:5      | Reached XP level 7. HP: 50/61 MP: 7/7
  3555 | D:5      | Found an iron altar of Okawaru.
  3596 | D:5      | Slain by a centaur

Skill      XL: |  1  2  3  4  5  6 |
---------------+-------------------+-----
Armour         | 4 5 |  5.2
Shields        | 4 5 |  5.4
Dodging        | 2 3 |  3.1
Fighting       | 4 5 |  5.2
Long Blades    | 3 4 |  4.5
Invocations    | 1 |  1.6
Throwing       | |  0.6
Stealth        | |  0.5

Action                   |  1- 3 |  4- 6 |  7- 9 || total
-------------------------+-------+-------+-------++-------
Melee: Long sword        |    69 |   123 |    12 ||   204
       Headbutt          |     6 |    23 |     2 ||    31
Throw: Tomahawk          |       |     6 |       ||     6
  Use: Scroll            |     2 |     7 |       ||     9
       Potion            |     1 |     1 |       ||     2
  Eat: Beef jerky        |     1 |       |       ||     1
       Bread ration      |       |     1 |       ||     1
       Chunk             |       |     3 |       ||     3
Armor: Scale mail        |    86 |    72 |     3 ||   161
Dodge: Dodged            |    78 |    78 |     6 ||   162
Block: Buckler           |    31 |    13 |       ||    44
       Shield            |       |    45 |     9 ||    54
